 Dungeon Crawl Stone Soup version 0.31.0-11-ge490571c62 (webtiles) character file.

Game seed: 17684385622327510633

4020 Warped the Cleaver (level 10, 0/71 HPs)
             Began as a Formicid Fighter on Jan 27, 2024.
             Was a High Priest of Cheibriados.
             Slain by a wolf (9 damage)
             ... in a bailey.
             The game lasted 00:12:30 (8523 turns).

Warped the Cleaver (Formicid Fighter)               Turns: 8523, Time: 00:12:30

Health: 0/71       AC:  8    Str: 34    XL:     10   Next: 47%
Magic:  0/3        EV: 18    Int: 21    God:    Cheibriados [*****.]
Gold:   789        SH:  7    Dex: 30    Spells: 9/9 levels left

rFire   . . .        a - +6 broad axe (antimagic)
rCold   + . .        c - +0 buckler
rNeg    . . .        e - +0 acid dragon scales
rPois   .            (helmet unavailable)
rElec   .            (no cloak)
rCorr   +            (no gloves)
SInv    +            (no boots)
Will    +....        (no amulet)
Stlth   ++           m - ring of protection from cold
HPRegen 0.31/turn    (no ring)
MPRegen 0.08/turn

%: no passive effects
@: weakened, very slow
A: permanent stasis, dig shafts and tunnels, antennae 3, four strong arms
a: Dig, Renounce Religion, Bend Time, Temporal Distortion, Slouch, Step From
Time


You were in a bailey.
You worshipped Cheibriados.
Cheibriados was extremely pleased with you.
You visited 1 branch of the dungeon, and saw 9 of its levels.
You also visited: Bailey.

You collected 789 gold pieces.

Inventory:

Hand Weapons
 a - a +6 antimagic broad axe (weapon)
 i - the +1 dagger of the Immovable Coins {pain, *Slow rC+++ Will- Stlth+}
   (You found it on level 7 of the Dungeon)

   rC+++:     It renders you almost immune to cold.
   Will-:     It decreases your willpower.
   *Slow:     It may slow you when you take damage.
   Stlth+:    It makes you more stealthy.
 s - a +0 orcbow
 v - a +1 war axe
 G - a +3 halberd
Missiles
 f - 88 stones
 j - 6 boomerangs
 z - 18 poisoned darts
 B - 4 throwing nets
 E - 5 curare-tipped darts (quivered)
Armour
 b - a +0 scale mail
 c - a +0 buckler (worn)
 e - +0 acid dragon scales (worn)
 p - a +0 plate armour
Jewellery
 m - a ring of protection from cold (left hand)
 C - a ring of wizardry
Wands
 d - a wand of flame (24)
 u - a wand of light (4)
 y - a wand of paralysis (2)
Scrolls
 g - 3 scrolls of enchant weapon
 l - 3 scrolls of immolation
 n - 3 scrolls of vulnerability
 r - 2 scrolls of amnesia
 t - 4 scrolls of identify
 F - a scroll of silence
Potions
 o - 3 potions of degeneration
 q - 3 potions of ambrosia
 w - 2 potions of berserk rage
 x - 3 potions of magic
 A - 2 potions of brilliance
 D - a potion of enlightenment


   Skills:
 + Level 4.0 Fighting
 * Level 10.5 Axes
 + Level 8.2 Armour
 + Level 6.1 Dodging
 - Level 4.0 Shields
 + Level 2.1 Invocations


You had 9 spell levels left.
You didn't know any spells.
Your spell library contained the following spells:

 Spells                   Type           Power      Damage    Failure   Level
 Necrotise                Necr           0%         1d4       24%         1
 Shock                    Conj/Air       0%         1d3       24%         1
 Vampiric Draining        Necr           0%         2d6       56%         3
 Airstrike                Air            0%         2d(0-16)  93%         4
 Ignite Poison            Fire/Alch      0%         N/A       93%         4
 Martyr's Knell           Necr/Summ      0%         N/A       93%         4
 Sticky Flame             Fire/Alch      0%         2d4       93%         4
 Curse of Agony           Necr           0%         N/A       100%        5
 Ignition                 Fire           0%         3d3       100%        8
 Swiftness                Air            Unusable   N/A       N/A         3

Dungeon Overview and Level Annotations

Branches:
Dungeon (9/15)             Temple (0/1) D:4             Orc (0/2) D:9
 Bailey (1/1)
   Lair: D:8-11

Altars:
Cheibriados
Gozag
Okawaru
Vehumet

Shops:
D:5 [


Innate Abilities, Weirdness & Mutations

You cannot be hasted, slowed, berserked, paralysed or teleported.
You can dig through walls and to a lower floor.
You have a pair of large antennae on your head. (SInv)
Your four strong arms can wield two-handed weapons with a shield.


Message History

You slash the gnoll bouda! The wolf barely misses you.
The gnoll sergeant hits you from afar with a +0 glaive!
The gnoll bouda hits you with a +0 halberd!
* * * LOW HITPOINT WARNING * * *
The wolf misses you.
You feel better. The wolf bites you but does no damage.
You block the gnoll sergeant's attack. The gnoll bouda closely misses you.
The wolf bites you.
* * * LOW HITPOINT WARNING * * *
Unknown command.
Okay, then.
Okay, then.
You feel better. The wolf bites you.
* * * LOW HITPOINT WARNING * * *
You block the gnoll sergeant's attack.
The gnoll bouda gazes fiercely through you!
You feel your attacks grow feeble. The gnoll bouda misses you.
The wolf closely misses you.
Unknown command.
You feel better. The gnoll sergeant misses you. You block the wolf's attack.
The gnoll bouda barely misses you.
You closely miss the wolf.
The wolf is heavily wounded.
You hit the gnoll bouda but do no damage.
The wolf bites you.
The gnoll sergeant hits you from afar with a +0 glaive!
* * * LOW HITPOINT WARNING * * *
The gnoll bouda mumbles some strange prayers to its god.
The gnoll bouda is healed somewhat.
The wolf closely misses you.
The gnoll sergeant hits you from afar with a +0 glaive!
* * * LOW HITPOINT WARNING * * *
Unknown command.
Unknown command.
Okay, then.
The flow of time bends around you.
Cheibriados rebukes the gnoll bouda.
The gnoll bouda seems to slow down.
Cheibriados rebukes the wolf.
The wolf seems to slow down.
The wolf bites you!
You die...

♣♣♣♣♣♣♣♣♣♣♣♣
♣♣≈≈≈≈≈≈≈≈≈≈≈ ♣♣≈≈...#
♣.≈..### { ♣♣.≈..# { {
♣♣..≈.)# { { ♣...≈..#{
{ #### ♣...≈g@# {{
#...##
♣♣...≈h.######.....#
#♣♣♣......g'.))#...$...
#∩..∩...[.)'÷..[)g.8...
#♣♣♣...)..['.))#).g$...
♣♣...≈..######.....#
♣♣..≈..# { #...##
♣..≈..# #### ♣..≈..# {


You could see a gnoll sergeant (swift), a wolf (slow) and a gnoll bouda (slow).

Vanquished Creatures
  Grinder (D:3)
  A wraith (D:7)
  An acid dragon (D:7)
  A water moccasin (D:7)
  2 ice beasts
  3 orc warriors (D:8)
  2 black bears
  A sky beast (D:7)
  An ogre (D:6)
  2 wolves (Bailey)
  A centaur (D:7)
  3 phantoms
  A kobold brigand (D:8)
  3 bullfrogs (D:8)
  A necrophage (D:7)
  2 scorpions
  5 gnoll sergeants
  A hornet simulacrum (D:7)
  4 wights (D:8)
  2 howler monkeys (D:7)
  2 electric eels (D:6)
  4 hounds
  A jelly (D:4)
  2 orc priests
  5 gnoll boudas (Bailey)
  A sleepcap (D:4)
  Ijyb (D:3)
  5 iguanas
  3 orc wizards
  A spectral killer bee (D:7)
  A killer bee zombie (D:7)
  A howler monkey zombie (D:7)
  16 gnolls
  9 adders
  A shadow imp (D:4)
  4 dart slugs
  3 ribbon worms
  26 orcs
  6 endoplasms
  6 giant cockroaches
  7 goblins
  11 hobgoblins
  6 jackals
  3 quokkas
  7 ball pythons
  6 bats
  2 frilled lizards (D:1)
  14 kobolds
  2 rats (D:2)
194 creatures vanquished.

Notes
Turn   | Place    | Note
-------+----------+-------------------------------------------
     0 | D:1      | Warped the Formicid Fighter began the quest for the Orb.
     0 | D:1      | Reached XP level 1. HP: 18/18 MP: 1/1
    53 | D:1      | Reached XP level 2. HP: 24/24 MP: 2/2
   339 | D:1      | Reached skill level 3 in Axes
   485 | D:1      | Found a faded altar of an unknown god.
   547 | D:1      | Reached XP level 3. HP: 29/29 MP: 3/3
   550 | D:1      | Prayed at the altar of an unknown god.
   550 | D:1      | Became a worshipper of Cheibriados the Contemplative
   550 | D:1      | Reached * piety under Cheibriados
   816 | D:2      | Reached skill level 4 in Axes
   816 | D:2      | Reached XP level 4. HP: 32/35 MP: 4/4
   881 | D:2      | Reached ** piety under Cheibriados
  1472 | D:3      | Noticed Ijyb
  1483 | D:3      | Killed Ijyb
  1484 | D:3      | Reached skill level 1 in Dodging
  1484 | D:3      | Reached XP level 5. HP: 16/41 MP: 5/5
  1746 | D:3      | Noticed Grinder
  1778 | D:3      | Killed Grinder
  1779 | D:3      | Reached skill level 5 in Axes
  1779 | D:3      | Reached XP level 6. HP: 20/47 MP: 6/6
  1779 | D:3      | Reached XP level 7. HP: 22/52 MP: 7/7
  2052 | D:3      | Reached *** piety under Cheibriados
  2499 | D:4      | Reached skill level 6 in Axes
  2585 | D:4      | Found a staircase to the Ecumenical Temple.
  2772 | D:4      | Reached skill level 5 in Armour
  3396 | D:5      | Entered Level 5 of the Dungeon
  3492 | D:5      | Reached XP level 8. HP: 58/58 MP: 8/8
  3611 | D:5      | Reached **** piety under Cheibriados
  3736 | D:5      | Reached skill level 7 in Axes
  3943 | D:5      | Found Sunoacwu's Armour Shoppe.
  4559 | D:6      | Reached skill level 8 in Axes
  4559 | D:6      | Reached XP level 9. HP: 35/64 MP: 9/9
  5787 | D:7      | Found an opulent altar of Gozag.
  5918 | D:7      | Found an iron altar of Okawaru.
  5930 | D:7      | HP: 2/64 [acid dragon (4)]
  6092 | D:7      | Reached skill level 9 in Axes
  6092 | D:7      | Reached skill level 5 in Dodging
  6221 | D:7      | Identified the +1 dagger of the Immovable Coins {pain,
                  | *Slow rC+++ Will- Stlth+}
  6883 | D:8      | Reached ***** piety under Cheibriados
  6932 | D:8      | Reached XP level 10. HP: 66/70 MP: 10/10
  6990 | D:8      | Found a radiant altar of Vehumet.
  7334 | D:8      | Reached skill level 10 in Axes
  7927 | D:8      | Reached skill level 1 in Invocations
  8049 | D:9      | Found a flagged portal.
  8058 | Bailey   | Entered a bailey
  8523 | Bailey   | Slain by a wolf

Illustrated notes

Levels and vault maps discovered:
D:1:      dpeg_arrival_round_b, layout_basic, hellmonk_ecumenical_altar_blasted,
          minmay_misc_feat_roman
D:2:      layout_rooms
D:3:      mumra_celtic_spiral_tile, layout_basic,
          nicolae_kite_square_tiling_tiny, serial_bayou_ford_a,
          roderic_lattice_a, uniq_grinder, uniq_ijyb
D:4:      layout_loops_corners, minmay_temple_entry_glass
D:5:      layout_loops_cross, serial_shops, nicolae_shop_behind_doors
D:6:      layout_loops_ring, chequers_big_river
D:7:      layout_loops_cross, grunt_gozag_breadcrumbs, okawaru_gym_becter,
          roderic_serpentine_path, dilly_guarded_unrand_morg
D:8:      layout_loops_ring, vehumet_altar_wand_db
D:9:      layout_long_grid, grunt_temple_overflow_order_and_chaos_2,
          grunt_temple_overflow_open, david_orc_4, enter_bailey_6
Bailey:   bailey_polearm_gnolls_kennysheep, bailey

Skill      XL: |  1  2  3  4  5  6  7  8  9 10 |
---------------+-------------------------------+-----
Axes           | 3 4 5 6 8 9 10 | 10.5
Dodging        | 1 2 3 4 5 6 |  6.1
Armour         | 4 5 6 7 8 |  8.2
Invocations    | 2 |  2.1
Fighting       | 4 |  4.0
Shields        | |  4.0

Action                     |  1- 3 |  4- 6 |  7- 9 | 10-12 || total
---------------------------+-------+-------+-------+-------++-------
  Melee: War axe           |    56 |    81 |   311 |   139 ||   587
         Broad axe         |       |       |       |    17 ||    17
  Throw: Dart              |       |       |       |     1 ||     1
 Invoke: Bend Time         |       |       |       |     1 ||     1
  Evoke: Wand              |       |       |     1 |     7 ||     8
    Use: Potion            |       |     1 |     2 |     5 ||     8
         Scroll            |       |       |    18 |     1 ||    19
   Stab: Invisible         |       |       |     3 |     5 ||     8
         Paralysed         |       |       |       |     7 ||     7
         Sleeping          |       |       |       |     1 ||     1
 Armour: Scale mail        |    32 |       |       |       ||    32
         Plate armour      |    20 |    72 |   167 |       ||   259
         Acid dragon scale |       |       |    34 |    77 ||   111
  Dodge: Dodged            |    23 |    40 |   182 |   137 ||   382
  Block: Buckler           |    20 |    21 |    97 |    66 ||   204
